 Dungeon Crawl Stone Soup version bcrawl-1.25 (webtiles) character file.

Game seed: 8792382619762941442

520 Tutankhamun the Skirmisher (level 7, -5/44 HPs)
             Began as a Gargoyle Archaeologist on July 1, 2020.
             Was an Initiate of Sif Muna.
             Slain by Prince Ribbit (6 damage)
             ... on level 5 of the Dungeon.
             The game lasted 00:07:52 (4136 turns).

Tutankhamun the Skirmisher (Gargoyle Archaeologist) Turns: 4136, Time: 00:07:52

Health: -5/44      AC: 11    Str: 12    XL:     7   Next: 21%
Magic:  7/7        EV: 12    Int: 19    God:    Sif Muna [......]
Gold:   303        SH:  0    Dex:  8    Spells: 6/6 levels left

rFire    + . .     SeeInvis .   f - +4 fustibalus of Big Damage {velocity, +Fly rElec Str-4 Int+4}
rCold    . . .     Gourm    .   (no shield)
rNeg     + . .     Faith    .   r - +1 leather armour {rF+}
rPois    ∞         Spirit   .   c - +1 hat
rElec    +         Reflect  .   p - scarf {clouds}
rCorr    .         Harm     .   (no gloves)
MR       .....                  d - +1 pair of boots
Stlth    ++........             (no amulet)
HPRegen  0.14/turn              (no ring)
MPRegen  0.10/turn              (no ring)

@: no status effects
A: negative energy resistance 1, electricity resistance, unbreathing,
petrification resistance, rot immunity, AC +4
a: Divine Energy, Renounce Religion, Evoke Fog, Evoke Flight


You were on level 5 of the Dungeon.
You worshipped Sif Muna.
Sif Muna was noncommittal.
You were hungry.

You visited 1 branch of the dungeon, and saw 5 of its levels.

You collected 303 gold pieces.

Inventory:

Hand Weapons
 a - a +0 whip
 f - the +4 fustibalus of Big Damage (weapon) {velocity, +Fly rElec Str-4 Int+4}
   (You acquired it on level 3 of the Dungeon)

   Any stone fired from it inflicts extra damage.
   It affects your strength (-4).
   It affects your intelligence (+4).
   It insulates you from electricity.
   It lets you fly.
 m - a +2 hand axe of venom
Missiles
 n - a throwing net {=f}
 q - 1347 stones (quivered)
 D - 178 sling bullets
Armour
 b - a +1 robe
 c - a +1 hat (worn)
 d - a +1 pair of boots (worn)
 p - a scarf of clouds (worn)
 r - a +1 leather armour of fire resistance (worn)
 u - a +0 pair of gloves
Jewellery
 y - an uncursed ring of see invisible {unknown}
 A - an uncursed amulet of magic regeneration {unknown}
Wands
 v - a wand of digging (6)
 F - a wand of enslavement (9)
Scrolls
 g - 2 scrolls of magic mapping
 i - 2 scrolls of enchant weapon {unknown}
 k - 2 scrolls of noise {unknown}
 l - 7 scrolls of remove curse {unknown}
 o - 2 scrolls of identify {unknown}
 t - a scroll of teleportation {unknown}
 B - a scroll of enchant armour {unknown}
 C - a scroll of fear {unknown}
Potions
 h - a potion of curing {unknown}
 j - a potion of heal wounds {unknown}
 s - 3 potions of might {unknown}
 w - a potion of mutation {unknown}
 x - a potion of invisibility {unknown}
 z - a potion of haste {unknown}
 E - 2 potions of lignification {unknown}
Comestibles
 e - 7 rations {!d}


   Skills:
 - Level 5.1 Fighting
 - Level 1.0 Maces & Flails
 + Level 4.9 Slings
 - Level 1.0 Armour
 - Level 2.4 Dodging
 - Level 3.6 Stealth


You had 6 spell levels left.
You didn't know any spells.
Your spell library was empty.

Dungeon Overview and Level Annotations

Branches:
Dungeon (5/12)
 Temple: D:4-7

Altars:
Dithmenos
Gozag
Hepliaklqana
Lugonu
Makhleb
Qazlal
Sif Muna
Xom
Yredelemnul
Zin
The Shining One

Shops:
D:5 %(??

Annotations:
D:4 1 runed translucent door, Tutankhamun's ghost, amateur GnAc
D:5 Prince Ribbit


Innate Abilities, Weirdness & Mutations

You are resistant to torment.
Your stone body is resilient. (AC +4)
You are immune to poison.
You resist negative energy. (rN+)
You are resistant to electric shocks. (rElec)
You can survive without breathing.
You are immune to petrification.
You are immune to rotting.


Message History

Aim: Prince Ribbit (lightly wounded)
You shoot a stone.
The stone completely misses Prince Ribbit.
Prince Ribbit hits you but does no damage.
Prince Ribbit hits you!
* * * LOW HITPOINT WARNING * * *
Firing (i - inventory. (/) - cycle)
q - 1349 stones (quivered)
Press: ? - help, Shift-Dir - straight line, f/p - Prince Ribbit
Aim: Prince Ribbit (lightly wounded)
You shoot a stone. The stone barely misses Prince Ribbit.
Prince Ribbit hits you but does no damage.
Prince Ribbit barely misses you.
Firing (i - inventory. (/) - cycle)
q - 1348 stones (quivered)
Press: ? - help, Shift-Dir - straight line, f/p - Prince Ribbit
Aim: Prince Ribbit (lightly wounded)
You shoot a stone. The stone barely misses Prince Ribbit.
Prince Ribbit hits you!
* * * LOW HITPOINT WARNING * * *
Prince Ribbit hits you.
You die...

###..............#
###.....##.###.#
##....##.# #.#
##...##.# #.####
#....... .....
#..##### #..# ##..#
##.#. ##...######F###
# ##...........@# #
##.......######.##
###.........####...#
..+.........'........
###.........####...###
#.......## .##
##.....## .# ##...##
.# ##'##


You could see Prince Ribbit.

Vanquished Creatures
  A sky beast (D:5)
  Blork the orc (D:4)
  A killer bee (D:4)
  An orc priest (D:4)
  A hound (D:4)
  An iguana (D:4)
  2 worker ants (D:4)
  A hound skeleton (D:4)
  A howler monkey zombie (D:4)
  An adder (D:5)
  A howler monkey skeleton (D:5)
  4 oozes
  2 adder skeletons
  3 worms
  2 dart slugs (D:4)
  A leopard gecko (D:1)
  19 orcs
  6 bats
  2 giant cockroaches
  3 goblins (D:1)
  5 hobgoblins
  19 jackals
  A quokka (D:4)
  3 frilled lizards
  5 kobolds
  A quokka skeleton (D:4)
  6 rats
94 creatures vanquished.

Notes
Turn   | Place    | Note
-------+----------+-------------------------------------------
     0 | D:1      | Tutankhamun the Gargoyle Archaeologist began the quest for
                  | the Orb.
     0 | D:1      | Reached XP level 1. HP: 12/12 MP: 1/1
    90 | D:1      | Reached skill level 2 in Fighting
   186 | D:1      | Reached XP level 2. HP: 17/17 MP: 2/2
   480 | D:1      | Reached skill level 3 in Fighting
   558 | D:1      | Reached XP level 3. HP: 11/23 MP: 3/3
  1241 | D:2      | Found a glowing golden altar of the Shining One.
  1241 | D:2      | Found a faded altar of an unknown god.
  1252 | D:2      | Found a shadowy altar of Dithmenos.
  1254 | D:2      | Found a faded altar of an unknown god.
  1255 | D:2      | Found a glowing silver altar of Zin.
  1452 | D:2      | Reached skill level 4 in Fighting
  1476 | D:2      | Reached XP level 4. HP: 29/29 MP: 4/4
  1590 | D:3      | Found an opulent altar of Gozag.
  1618 | D:3      | Found a burning altar of Makhleb.
  1858 | D:3      | Found a shimmering blue altar of Sif Muna.
  1858 | D:3      | Found a shimmering altar of Xom.
  1868 | D:3      | Found a corrupted altar of Lugonu.
  2183 | D:3      | Found a stormy altar of Qazlal.
  2538 | D:4      | Reached skill level 5 in Fighting
  2538 | D:4      | Reached skill level 1 in Armour
  2538 | D:4      | Reached XP level 5. HP: 27/35 MP: 5/5
  2538 | D:4      | Identified a scroll of acquirement
  2543 | D:3      | Identified the +4 fustibalus of Big Damage {velocity, +Fly
                  | rElec Str-4 Int+4} (You acquired it on level 3 of the
                  | Dungeon)
  2543 | D:3      | Identified the -1 pair of boots "Oceloget" {rPois} (You
                  | acquired it on level 3 of the Dungeon)
  2543 | D:3      | Identified the ring "Duttothidd" {rElec Int+5 Dex+4 Slay-6}
                  | (You acquired it on level 3 of the Dungeon)
  2572 | D:3      | Became a worshipper of Sif Muna the Loreminder
  2620 | D:4      | Reached skill level 1 in Slings
  2790 | D:3      | Found a basalt altar of Yredelemnul.
  2790 | D:3      | Found a hazy altar of Hepliaklqana.
  3032 | D:4      | Found a runed translucent door.
  3033 | D:4      | Noticed Tutankhamun's ghost (amateur GnAc)
  3122 | D:4      | Reached XP level 6. HP: 40/40 MP: 6/6
  3158 | D:4      | Noticed Blork the orc
  3163 | D:4      | Killed Blork the orc
  3820 | D:5      | Entered Level 5 of the Dungeon
  3820 | D:5      | Found Bioqait's Magic Scroll Emporium.
  3836 | D:5      | Noticed a sky beast
  3848 | D:5      | Killed a sky beast
  3848 | D:5      | Reached XP level 7. HP: 25/44 MP: 7/7
  4031 | D:5      | Found Viyv's Food Boutique.
  4032 | D:5      | Found Nace Qec's Weapon Shop.
  4053 | D:5      | Found Loazirch's Magic Scroll Shop.
  4124 | D:5      | Noticed Prince Ribbit
  4136 | D:5      | HP: 1/44 [Prince Ribbit (7)]
  4136 | D:5      | Slain by Prince Ribbit

Skill      XL: |  1  2  3  4  5  6 |
---------------+-------------------+-----
Fighting       | 2 3 4 5 |  5.1
Armour         | 1 |  1.0
Slings         | 2 4 |  4.9
Maces & Flails | |  1.0
Dodging        | |  2.4
Stealth        | |  3.6

Action                   |  1- 3 |  4- 6 |  7- 9 || total
-------------------------+-------+-------+-------++-------
Melee: Whip              |   209 |       |       ||   209
       Hand axe          |    17 |    48 |       ||    65
 Fire: Fustibalus        |       |    92 |    22 ||   114
  Use: Scroll            |       |     1 |       ||     1
 Stab: Sleeping          |       |     2 |       ||     2
  Eat: Chunk             |     2 |     7 |     1 ||    10
Armor: Robe              |    95 |       |       ||    95
       Leather armour    |     7 |    60 |     6 ||    73
Dodge: Dodged            |   224 |    89 |     6 ||   319
